 Dungeon Crawl Stone Soup version 0.28.0 (webtiles) character file.

Game seed: 12058161621994072967

464 Horrz the Skirmisher (level 6, 0/56 HPs)
             Began as a Minotaur Abyssal Knight on Feb 18, 2022.
             Was a Priest of Lugonu.
             Slain by a hound (4 damage)
             ... on level 5 of the Dungeon.
             The game lasted 00:09:24 (3764 turns).

Horrz the Skirmisher (Minotaur Abyssal Knight)      Turns: 3764, Time: 00:09:25

Health: 0/56       AC: 10    Str: 18    XL:     6   Next: 80%
Magic:  7/7        EV:  8    Int:  7    God:    Lugonu [***...]
Gold:   81         SH:  0    Dex: 12    Spells: 5/5 levels left

rFire   . . .      SeeInvis .   a - +1 hand axe
rCold   . . .      Faith    .   (no shield)
rNeg    . . .      Spirit   .   n - +0 chain mail
rPois   .          Reflect  .   (helmet restricted)
rElec   .          Harm     .   h - +0 cloak
rCorr   .          Rampage  .   (no gloves)
Will    .....                   (no boots)
Stlth   ..........              (no amulet)
HPRegen 0.18/turn               (no ring)
MPRegen 0.10/turn               (no ring)

@: no status effects
A: horns 2, retaliatory headbutt
a: Renounce Religion, Depart the Abyss, Bend Space, Banish


You were on level 5 of the Dungeon.
You worshipped Lugonu.
Lugonu was most pleased with you.
You visited 1 branch of the dungeon, and saw 5 of its levels.
You visited the Abyss 1 time.
You also visited: Sewer.

You collected 81 gold pieces.

Inventory:

Hand Weapons
 a - a +1 hand axe (weapon)
Armour
 h - a +0 cloak (worn)
 n - a +0 chain mail (worn)
Jewellery
 l - a +4 ring of protection
Wands
 m - a wand of digging (7)
 r - a wand of flame (25)
Scrolls
 c - 5 scrolls of identify {unknown}
 f - 3 scrolls of teleportation {unknown}
 g - a scroll of noise {unknown}
 i - a scroll of brand weapon {unknown}
 o - a scroll of immolation {unknown}
Potions
 k - 2 potions of haste
 p - a potion of heal wounds


   Skills:
 + Level 5.2 Fighting
 + Level 4.5 Axes
 + Level 4.4 Armour
 + Level 3.4 Dodging
 + Level 3.4 Invocations


You had 5 spell levels left.
You didn't know any spells.
Your spell library contained the following spells:

 Spells                   Type           Power      Damage    Failure   Level
 Animate Skeleton         Necr           0%         N/A       99%         1
 Pain                     Necr           0%         1d4       99%         1
 Vampiric Draining        Necr           0%         2d6       100%        3


Dungeon Overview and Level Annotations

Branches:
Dungeon (5/15)              Sewer (visited)
 Temple: D:4-7

Altars:
Ashenzari
Dithmenos
Qazlal
Yredelemnul
The Shining One


Innate Abilities, Weirdness & Mutations

You have a pair of horns on your head.
You reflexively headbutt those who attack you in melee.


Message History

The adder bites you but does no damage.
The orc priest looks encouraged for a moment.
Found a basalt altar of Yredelemnul.
An adder comes into view.
The adder hisses angrily.
A hound comes into view.
The adder bites you but does no damage.
The hound barks!
The adder barely misses you.
Found a glowing golden altar of the Shining One.
The hound bites you but does no damage. The hound barely misses you.
The hound bites you but does no damage. The hound closely misses you.
The adder barely misses you. The hound barely misses you.
You furiously retaliate!
You headbutt the hound, but do no damage.
The adder bites you but does no damage. The hound bites you but does no damage.
The adder closely misses you. You furiously retaliate!
You headbutt the adder, but do no damage.
The hound bites you but does no damage.
The adder bites you but does no damage. x2; The adder barely misses you.
The hound bites you but does no damage.
The orc wizard gestures wildly while chanting.
The orc wizard flickers and vanishes!
Deactivating autopickup; reactivate with Ctrl-A.
Unknown command.
You open the door. The adder bites you but does no damage.
The hound bites you but does no damage. The adder closely misses you.
The hound bites you but does no damage.
There is an open door here.
The hound closely misses you. The hound bites you.
* * * LOW HITPOINT WARNING * * *
The hound bites you.
* * * LOW HITPOINT WARNING * * *
The adder barely misses you. The hound barely misses you.
You furiously retaliate!
You headbutt the hound.
Found a cloak.
The hound bites you.
You die...

....... #............
....... #........[..
........ #..........
#.......o #.........
#........ #........
#........ #.......
+........
#......####+###........
#.....@##.....#...o..o.
#......hSo....#........
#......S....o.#..o.....
#............{#.._.....
#.............'.o......
###############........
#########


You could see a hound, an orc priest, 2 adders and an orc.

Vanquished Creatures
  3 kobold brigands (Sewer)
  A killer bee (D:4)
  An orc priest (D:4)
  An iguana (D:4)
  An orc wizard (D:4)
  A gnoll (D:1)
  3 adders
  An ufetubus (D:4)
  A worm (D:4)
  A dart slug (D:2)
  6 orcs
  8 bats
  6 endoplasms
  5 giant cockroaches
  5 goblins
  5 hobgoblins
  3 jackals (D:1)
  13 kobolds
  3 quokkas
  7 ball pythons
  A frilled lizard (D:2)
  7 rats
83 creatures vanquished.

Vanquished Creatures (others)
  An adder (D:4)
  2 fungi (Sewer)
  2 plants (Sewer)
5 creatures vanquished.

Grand Total: 88 creatures vanquished

Notes
Turn   | Place    | Note
-------+----------+-------------------------------------------
     0 | Abyss:1  | Horrz the Minotaur Abyssal Knight began the quest for the
                  | Orb.
     0 | Abyss:1  | Reached XP level 1. HP: 19/19 MP: 1/1
     9 | D:1      | Escaped the Abyss
    67 | D:1      | Reached XP level 2. HP: 15/27 MP: 2/2
   907 | D:2      | Reached XP level 3. HP: 33/33 MP: 3/3
   936 | D:2      | Reached ** piety under Lugonu
   947 | D:2      | Reached skill level 4 in Fighting
  1981 | D:3      | Reached XP level 4. HP: 40/40 MP: 4/4
  2185 | D:3      | Found a stormy altar of Qazlal.
  2340 | D:3      | Found a broken altar of Ashenzari.
  2813 | D:4      | Found a glowing drain.
  2827 | Sewer    | Entered a sewer
  2851 | Sewer    | Reached *** piety under Lugonu
  3019 | Sewer    | Noticed a kobold brigand
  3033 | Sewer    | Killed a kobold brigand
  3034 | Sewer    | Reached XP level 5. HP: 29/47 MP: 4/6
  3343 | Sewer    | Reached skill level 5 in Fighting
  3343 | Sewer    | Reached XP level 6. HP: 53/56 MP: 7/7
  3402 | D:4      | Found a shadowy altar of Dithmenos.
  3702 | D:4      | Noticed a steam dragon
  3713 | D:4      | HP: 2/56 [poisoned by a killer bee]
  3724 | D:5      | Entered Level 5 of the Dungeon
  3735 | D:5      | Found a basalt altar of Yredelemnul.
  3741 | D:5      | Found a glowing golden altar of the Shining One.
  3764 | D:5      | Slain by a hound

Illustrated notes

Levels and vault maps discovered:
D:1:      elethiomel_arrival_maze, layout_basic
D:2:      layout_loops_corners
D:3:      layout_basic, marbit_many_paths, grunt_qazlal_sundering
D:4:      layout_cave_pools, old_standard_altar,
          nicolae_dithmenos_shadow_blocks, cheibrodos_sewer_entry_sluice,
          minmay_manual_monstrance
D:5:      layout_gridville, kennysheep_mini, mainiacjoe_overflow_alcove_2,
          nicolae_uskayaw_en_pointe, overflow_temple_1_default,
          mainiacjoe_overflow_six_doors_small, yredelemnul_altar_generic,
          lemuel_temple_firewalk_a

Skill      XL: |  1  2  3  4  5 |
---------------+----------------+-----
Invocations    | 2 3 |  3.4
Fighting       | 4 5 |  5.2
Axes           | 3 4 |  4.5
Armour         | 3 4 |  4.4
Dodging        | 2 3 |  3.4

Action                   |  1- 3 |  4- 6 || total
-------------------------+-------+-------++-------
Melee: Hand axe          |    54 |   122 ||   176
       Headbutt          |     6 |    10 ||    16
  Use: Potion            |       |     8 ||     8
Armor: Ring mail         |    18 |     8 ||    26
       Chain mail        |       |    96 ||    96
Dodge: Dodged            |    32 |   103 ||   135
